Map: Incorporeal LE

Players

OverKill - Winner!

  • Race: Terran Terran
  • League: Diamond
  • Spawn Location: 11:00

ManlyManMeat

  • Race: Zerg Zerg
  • League: Diamond
  • Spawn Location: 5:00

VOD

Have the link to the VOD?

Description

Time

  • Played on: July 1, 2025, 6:02 a.m.
  • Length: 13:47
Show
View Real Time Build Order
Export as new Build Order

OverKill Terran - Winner!

Build Orders: Hellion Opening 

Get SALT Encoding   

  12  0:00  SCV  
  13  0:13  SCV  
  14  0:18  Supply Depot  
  14  0:25  SCV  
  15  0:31  Refinery  
  15  0:40  SCV  
  16  0:49  Barracks  
  16  0:54  SCV  
  17  1:06  SCV  
  18  1:19  SCV  
  19  1:35  Orbital Command  
  19  1:36  Marine  
  19  1:37  Factory  
  20  1:53  Supply Depot  
  20  2:01  SCV  
  21  2:02  Barracks Reactor  
  21  2:13  SCV  
  22  2:18  Command Center  
  22  2:25  SCV  
  22  2:28  Supply Depot  
  23  2:37  SCV  
  23  2:44  Hellion x2  
  28  2:51  SCV  
  29  2:55  Marine  
  30  3:04  SCV  
  30  3:05  Refinery, Hellion x2  
  35  3:16  SCV  
  35  3:17  Armory  
  36  3:32  Supply Depot  
  36  3:33  Hellion x2, SCV  
  37  3:46  SCV  
  38  3:48  Orbital Command  
  38  3:55  Starport  
  38  3:57  Hellion  
  38  3:58  SCV  
  41  4:04  Hellion  
  43  4:10  SCV  
  43  4:15  SCV  
  45  4:20  Refinery  
  45  4:21  Hellion  
  45  4:22  Refinery, SCV  
  48  4:27  SCV  
  49  4:31  Starport Tech Lab  
  49  4:34  SCV  
  49  4:36  Fusion Core  
  50  4:39  Starport, SCV  
  51  4:46  SCV  
  51  4:51  SCV  
  57  4:53  Hellion x2  
  57  4:58  SCV  
  52  5:03  SCV  
  51  5:09  Supply Depot  
  51  5:10  SCV  
  50  5:15  SCV  
  50  5:16  Starport Tech Lab  
  49  5:22  SCV  
  49  5:25  Supply Depot  
  49  5:28  Hellion x2, SCV  
  55  5:32  Supply Depot  
  55  5:34  SCV  
  55  5:35  Barracks Tech Lab  
  56  5:40  SCV  
  57  5:46  Battlecruiser  
  57  5:47  SCV  
  64  5:50  Battlecruiser  
  64  5:56  SCV  
  71  6:02  Command Center  
  71  6:03  SCV  
  72  6:09  Supply Depot, SCV  
  73  6:12  Supply Depot  
  73  6:19  Siege Tank  
  73  6:20  Marine x2  
  73  6:22  SCV  
  79  6:34  SCV  
  79  6:36  Engineering Bay  
  79  6:39  Engineering Bay  
  80  6:48  Barracks  
  80  6:50  Barracks  
  80  6:51  Barracks  
  80  6:53  Barracks  
  80  6:54  SCV  
  80  6:59  SCV  
  82  7:02  Siege Tank  
  77  7:11  Bunker  
  75  7:16  Battlecruiser x2  
  75  7:17  SCV  
  88  7:25  SCV  
  88  7:26  SCV  
  90  7:34  Siege Tank  
  93  7:40  SCV  
  94  7:46  Supply Depot  
  94  7:53  Orbital Command, Terran Infantry Armor Level 1, Terran Infantry Weapons Level 1  
  94  7:56  SCV  
  95  8:00  Barracks Reactor  
  95  8:06  Siege Tank  
  95  8:10  Barracks Reactor  
  95  8:11  SCV  
  99  8:15  SCV  
  100  8:23  Orbital Command  
  100  8:38  Siege Tank  
  103  8:46  Stimpack  
  103  8:48  Starport Reactor, SCV  
  103  8:50  Terran Vehicle And Ship Armor Level 1, SCV  
  103  8:51  SCV  
  106  9:00  SCV  
  107  9:02  SCV  
  107  9:04  SCV  
  109  9:12  SCV  
  109  9:13  Command Center  
  109  9:15  Siege Tank  
  113  9:22  Marine  
  113  9:23  Marauder x2, Combat Shield  
  118  9:26  Starport Reactor  
  118  9:30  Medivac  
  118  9:31  Medivac  
  122  9:32  Barracks Reactor  
  122  9:33  Marine x3  
  125  9:41  Refinery  
  125  9:42  Refinery  
  125  9:47  Supply Depot  
  125  9:48  Supply Depot x2  
  125  9:49  Supply Depot  
  125  9:52  Marine x2  
  125  9:53  SCV  
  125  9:54  Marine x2  
  125  9:55  SCV  
  125  9:58  Marine x2, SCV  
  125  10:08  SCV, Siege Tank  
  125  10:13  Marauder  
  131  10:16  Marauder  
  131  10:19  Marine  
  134  10:24  Supply Depot  
  134  10:26  Planetary Fortress  
  134  10:28  Command Center  
  134  10:30  Supply Depot  
  134  10:31  Terran Infantry Weapons Level 2, Supply Depot  
  134  10:34  Marauder  
  136  10:36  Terran Infantry Armor Level 2  
  136  10:38  Marauder  
  138  10:43  SCV  
  138  10:44  SCV  
  138  10:47  SCV  
  140  10:56  Marauder  
  141  10:58  Siege Tank, SCV  
  141  10:59  SCV  
  141  11:02  Marine x5  
  141  11:03  Marine x2  
  153  11:06  Terran Vehicle And Ship Armor Level 2  
  153  11:14  Missile Turret  
  153  11:15  Medivac x2  
  153  11:16  Marine  
  158  11:20  Marine x7  
  158  11:22  SCV  
  166  11:30  Siege Tank  
  169  11:34  Marine  
  169  11:35  Missile Turret  
  169  11:37  Marine  
  169  11:38  Marine x5  
  169  11:39  Marauder  
  178  11:49  Missile Turret x2, Refinery  
  178  11:50  Command Center  
  178  11:52  Refinery  
  178  11:53  Marauder  
  180  11:55  Marine  
  180  12:00  Marauder, Barracks x2  
  183  12:02  Barracks, Siege Tank  
  185  12:10  SCV  
  185  12:14  Marauder  
  188  12:16  Marine x3  
  188  12:17  Marine x3  
  188  12:21  Marine  
  187  12:34  Marine x6, Siege Tank, Medivac x2  
  187  12:35  Marine  
  188  12:39  Marine  
  186  12:52  Marine x5  
  186  12:56  Missile Turret  
  186  12:57  Missile Turret x3  
  191  13:03  Missile Turret  
  191  13:05  Missile Turret  
  191  13:07  Siege Tank  
  191  13:08  Missile Turret  
  191  13:10  Marine  
  191  13:11  Marine  
  191  13:12  Marine x3  
  195  13:17  Marine  
  195  13:18  Marine  
  195  13:19  Marine x3  
  200  13:27  Missile Turret  
  200  13:28  Missile Turret  
  200  13:30  Missile Turret  
Show
View Real Time Build Order
Export as new Build Order

ManlyManMeat Zerg 

Build Orders: Hatch First 

Get SALT Encoding   

  12  0:00  Drone  
  13  0:08  Drone  
  14  0:15  Drone, Extractor  
  15  0:22  Overlord  
  15  0:41  Drone  
  16  0:46  Hatchery  
  15  0:50  Drone  
  15  0:53  Drone  
  17  0:57  Drone  
  18  1:07  Extractor  
  17  1:14  Spawning Pool  
  17  1:17  Drone  
  17  1:19  Drone  
  18  1:26  Drone  
  19  1:37  Drone  
  20  2:01  Queen x2  
  20  2:03  Zergling x4  
  20  2:06  Overlord  
  26  2:14  Metabolic Boost  
  26  2:26  Drone x4  
  30  2:41  Queen  
  32  2:54  Hatchery  
  32  2:56  Drone x3  
  34  3:01  Overlord  
  34  3:04  Drone  
  35  3:15  Zergling x2  
  36  3:21  Zergling x4  
  36  3:22  Zergling x6  
  40  3:39  Drone x2  
  40  3:40  Drone  
  40  3:41  Overlord  
  43  3:42  Overlord  
  43  3:43  Overlord  
  43  3:59  Extractor  
  42  4:03  Drone x4  
  42  4:08  Drone x2  
  48  4:12  Queen  
  50  4:24  Drone  
  50  4:25  Drone  
  50  4:26  Drone  
  50  4:27  Extractor  
  50  4:29  Extractor  
  50  4:30  Roach Warren  
  50  4:43  Queen  
  50  4:45  Overlord x3  
  52  4:47  Drone x4  
  49  5:04  Zergling x8  
  49  5:06  Drone  
  55  5:07  Drone  
  53  5:21  Roach x7  
  61  5:26  Drone x3  
  70  5:34  Roach  
  70  5:35  Roach  
  74  5:40  Baneling Nest, Lair  
  74  5:42  Drone x3  
  76  5:43  Evolution Chamber x2  
  74  5:50  Queen  
  74  5:51  Queen  
  74  5:55  Spore Crawler  
  77  5:59  Spore Crawler  
  77  6:02  Zergling x10  
  81  6:23  Overlord x4  
  81  6:31  Hatchery  
  80  6:38  Overlord x3  
  80  6:40  Zerg Missile Weapons Level 1  
  80  6:41  Zerg Melee Weapons Level 1  
  80  6:50  Glial Reconstitution  
  80  6:52  Centrifugal Hooks  
  74  7:13  Queen  
  74  7:14  Spore Crawler  
  66  7:16  Spore Crawler  
  66  7:20  Spire  
  53  7:32  Zergling x30  
  53  7:33  Baneling  
  53  7:35  Drone  
  65  7:50  Drone x3, Queen  
  65  8:00  Drone x2  
  65  8:02  Drone x3  
  68  8:09  Drone x3  
  70  8:15  Baneling x2  
  67  8:28  Drone x4  
  71  8:36  Baneling  
  71  8:37  Drone x3  
  71  8:38  Drone x2  
  76  8:53  Drone  
  77  8:55  Drone  
  77  8:56  Drone x3  
  81  9:03  Drone x4  
  81  9:04  Queen  
  86  9:19  Queen  
  86  9:22  Corruptor  
  90  9:27  Baneling  
  90  9:28  Baneling x3  
  90  9:29  Zergling x2  
  90  9:30  Zergling x14  
  98  9:40  Drone x3  
  98  9:41  Drone x2  
  73  10:06  Corruptor x2  
  73  10:11  Corruptor  
  73  10:12  Zergling x16  
  85  10:21  Hatchery  
  84  10:22  Drone x4  
  87  10:36  Corruptor x2  
  84  10:53  Corruptor x2  
  79  11:01  Corruptor  
  79  11:02  Zergling x20  
  79  11:03  Zergling x2  
  91  11:14  Corruptor x2  
  88  11:33  Corruptor x2  
  88  11:36  Zergling x6  
  93  11:46  Corruptor  
  89  12:13  Corruptor x3  
  90  12:28  Zergling x6  
  90  12:29  Zergling x14  
  97  12:34  Drone x2  
  97  12:35  Drone x4  
  95  12:37  Queen  
  95  12:38  Queen  
  99  12:48  Corruptor x2  
  99  12:49  Roach x2  
  107  13:03  Drone x3  
  110  13:09  Hatchery  
  109  13:19  Roach  
  113  13:20  Roach  
  113  13:21  Overlord x2  
Tags
 
Add a new tag
Caveats
  • Supply blocks, unpowered buildings, or Contaminate may cause inaccurate times.
  • Supply counts are checked every 10 seconds.